Mozilla, lawful female dwarven Valkyrie ---------------- |.....+......... |...<..........| |..............| |..............| ----.---.-.----- ------------- # |%.....I...(| ### |...../.....| # |...-----...+ # ....|.{.....| # |..)|@b{|)..| # +...|.a.|...| ---`--- |...-----...| |.``?.. |.....[.....| |>[.[.| |[...../...(| |.....%I## ------------- |..?^.| ------- Mozilla the Fighter Experience level: 9 Strength: 18/01 Dexterity: 15 Constitution: 14 Intelligence: 9 Wisdom: 10 Charisma: 10 Health: 0(70) Energy: 9(9) Def: 9 Gold: 575 Moves: 5785 Dungeon seed: YB8WxHEVUzQBm3kG Game ID: Mozilla_1477632049 Your Inventory: Coins $ - 575 gold pieces Weapons a - the blessed rustproof +2 Excalibur (weapon in hand) b - a +0 dagger Armor e - a cursed -1 plate mail (being worn) n - a blessed +1 pair of speed boots (being worn) q - an uncursed +0 orcish cloak (being worn) z - an uncursed +0 helmet (being worn) Comestibles o - 2 uncursed food rations Scrolls L - an uncursed scroll of identify Potions v - an uncursed potion of booze A - an uncursed potion of extra healing J - an uncursed potion of object detection R - a potion of unholy water Rings f - an uncursed ring of protection from shape changers (on left hand) Wands X - a wand of magic missile (0:0) Tools w - an uncursed skeleton key x - an uncursed magic lamp K - an uncursed mirror Gems r - an uncursed worthless piece of yellow glass y - an uncursed ruby N - an uncursed amethyst stone Spells and supernatural/magical abilities: Name Level Category Fail Memory n - detect monsters 1 divination 100% 94% W - pray for help -- divine ? -- Your skills at the end: Fighting Skills Weapon Skills dagger [Basic] long sword [Basic] Spellcasting Skills Final Attributes: You were piously aligned. You were cold resistant. You were level-drain resistant. You were hallucinating. You had automatic searching. You had infravision. You were stealthy. You were protected from shape changers. You were very fast. You are dead (2nd time!). Vanquished creatures: a vampire lord a vampire a ghost 2 giant mimics 2 large mimics a wumpus a giant zombie 4 small mimics 4 ettin mummies a sasquatch a wood golem a large dog a freezing sphere a flaming sphere an ochre jelly an elf mummy a leather golem a Grey-elf 2 giant beetles a cockatrice a lynx 2 leprechauns 3 giant spiders a horse a black light an orc mummy a gold golem a Green-elf 2 lizards a dust vortex a bugbear 2 imps 2 water nymphs 8 Uruk-hai 2 rock moles a pony 2 fog clouds a gnome lord 2 kobold mummies a black naga hatchling a guardian naga hatchling a gray ooze 2 elf zombies a paper golem 6 giant ants 2 little dogs 3 kittens 3 kobold lords 4 hill orcs 9 rothes 2 orc zombies a dwarf zombie a werejackal 3 iguanas 2 acid blobs 2 coyotes a gas spore 2 hobbits 3 giant rats 4 cave spiders a brown mold 2 yellow molds a green mold 11 gnomes 3 garter snakes 3 gnome zombies 2 geckos 6 jackals a fox 3 kobolds 2 goblins 3 sewer rats 9 grid bugs 4 lichens 4 kobold zombies 6 newts and a partridge in a pear tree 179 creatures vanquished. Voluntary challenges: You had followed a strict vegan diet until turn 3997. You had followed a strict vegetarian diet until turn 4082. You used a wielded weapon 234 times, starting on turn 27. You read items or engraved 19 times, starting on turn 470. You never genocided any monsters. You never polymorphed an object. You never changed form. You used no wishes. You never split a pudding. You wrote Elbereth's name 1 time, starting on turn 5049. You violated your moral code, losing 1 point of alignment, starting on turn 2828. Dungeon overview: The Dungeons of Doom: levels 1 to 8 Level 1 a fountain a long staircase Level 2 a jewelry store Level 3 a general store, some altars to Tyr and Odin stairs to The Gnomish Mines Level 4 some fountains Level 5 a hardware shop Level 6 Level 7 Level 8 <- You were here many fountains The Gnomish Mines: levels 4 to 11 Level 4 stairs to The Dungeons of Doom Level 5 Level 6 Level 7 many shops, a temple to Odin, some fountains Level 8 Level 9 Level 10 Level 11 some fountains History has recorded: On T:1 you entered the Dungeons of Doom to retrieve the Amulet of Yendor! On T:287 you reached level 2 of The Dungeons of Doom. On T:423 you advanced to experience level 2. On T:491 you advanced to experience level 3. On T:573 you reached level 3 of The Dungeons of Doom. On T:914 you reached level 4 of The Dungeons of Doom. On T:1204 you reached level 5 of The Dungeons of Doom. On T:1373 you advanced to experience level 4. On T:1410 you advanced to experience level 5. On T:1478 you reached level 6 of The Dungeons of Doom. On T:1763 you reached level 7 of The Dungeons of Doom. On T:1811 you advanced to experience level 6. On T:2146 you reached level 1 of The Gnomish Mines. On T:2827 you reached level 2 of The Gnomish Mines. On T:3203 you reached level 3 of The Gnomish Mines. On T:3271 you advanced to experience level 7. On T:3413 you reached level 4 of The Gnomish Mines. On T:3581 you reached level 5 of The Gnomish Mines. On T:3679 you reached level 6 of The Gnomish Mines. On T:3971 you reached level 7 of The Gnomish Mines. On T:3982 you advanced to experience level 8. On T:4236 you reached level 8 of The Gnomish Mines. On T:4246 you were saved from death by your amulet of life saving! On T:5052 you advanced to experience level 9. On T:5740 you reached level 8 of The Dungeons of Doom. Score breakdown: Gold: 575 ( 9390 points) Experience: 9 levels (15756 points) Exploration: 11 levels ( 22.92%) (13837 points) Discoveries: 31 items ( 12.60%) (10649 points) Valuables value: (no points given unless you survive) Artifact value: 4000 (12253 points) Variety of kills: 76 monsters ( 19.95%) (13398 points) Turncount: 5785 turns (-1570 points) Survival: died (score multiplied by 80%) Total score: 58970 Latest messages: You hit the mastodon! The elf zombie drinks a potion of invisibility! Suddenly you cannot see the pyrolisk. For some reason, the invisible white dragon's presence is known to you. You feel aggravated at the invisible ice devil. The killer bee hits! You kill the manes! The sleazoid hits! You see here a hill orc corpse. The kobold zombie hits! The straw golem wields a scimitar! The scimitar welds itself to the giant ant's hand! You see here a statue of a plains centaur. "Velkommen, Mozilla, welcome to Delphi!" You hear water falling on coins. The large kobold swings his scimitar. The water nymph hits! The ghoul swings his scimitar. The beholder just misses! The tengu swings his scimitar. The hobgoblin hits! You die... Final status: Farvel Mozilla the Valkyrie, killed by a hallucinogen-distorted hill orc... You died in The Dungeons of Doom on dungeon level 8 with 58970 points, and 575 pieces of gold, after 5785 moves. You were level 9 with a maximum of 70 hit points when you died.